 Dungeon Crawl Stone Soup version 0.30.1-3-gfc49f6343a (webtiles) character file.

Game seed: 3780093142746099357

941 croobank the Covert (level 8, -10/55 HPs)
             Began as an Octopode Delver on July 18, 2023.
             Killed from afar by a steam dragon (23 damage)
             ... with a ball of steam
             ... on level 6 of the Dungeon.
             The game lasted 00:11:59 (4091 turns).

croobank the Covert (Octopode Delver)               Turns: 4091, Time: 00:12:00

Health: -10/55     AC:  1    Str: 11    XL:     8   Next: 12%
Magic:  8/8        EV: 14    Int: 14    God:
Gold:   241        SH:  0    Dex: 14    Spells: 7/7 levels left

rFire   . . .        a - +4 dagger
rCold   + . .        (no shield)
rNeg    . . .        (helmet restricted)
rPois   .            i - amulet of regeneration
rElec   .            h - ring of protection from cold
rCorr   .            (no ring)
SInv    .            (no ring)
Will    .....        (no ring)
Stlth   +++++        (no ring)
HPRegen 1.09/turn    (no ring)
MPRegen 0.11/turn    (no ring)
                     (no ring)

%: no passive effects
@: no status effects
A: almost no armour, amphibious, 8 rings, camouflage 1, gelatinous body 1,
(nimble swimmer 1), tentacles
a: no special abilities


You were on level 6 of the Dungeon.
You visited 1 branch of the dungeon, and saw 6 of its levels.

You collected 285 gold pieces.
You spent 44 gold pieces at shops.

Inventory:

Hand Weapons
 a - a +4 dagger (weapon)
 o - a +2 flail of pain
 u - a +0 short sword
 w - a +0 morningstar
 D - a +0 war axe of flaming
Missiles
 j - 6 curare-tipped darts
 x - 3 boomerangs (quivered)
 z - 5 poisoned darts
Magical Staves
 m - a staff of death
Jewellery
 h - a ring of protection from cold (left tentacle)
 i - an amulet of regeneration (around mantle)
 H - a ring of protection from cold
Wands
 f - a wand of digging (2)
 p - a wand of roots (13)
 v - a wand of polymorph (9)
 A - a wand of paralysis (10)
 G - a wand of flame (9)
Scrolls
 b - a scroll of fog
 d - 3 scrolls of fear
 g - a scroll of teleportation
 l - 4 scrolls of enchant weapon {unknown}
 q - 2 scrolls of blinking {unknown}
 r - 2 scrolls of enchant armour {unknown}
 s - a scroll of butterflies {unknown}
 y - a scroll of vulnerability {unknown}
 C - 2 scrolls of amnesia {unknown}
 F - 2 scrolls of identify
Potions
 c - a potion of ambrosia
 e - a potion of haste
 k - 4 potions of curing
 n - a potion of attraction
 t - 3 potions of brilliance {unknown}
 B - a potion of resistance {unknown}
 E - 2 potions of heal wounds {unknown}


   Skills:
 + Level 5.2 Fighting
 + Level 4.5 Short Blades
 + Level 4.6 Dodging
 - Level 10.0 Stealth


You had 7 spell levels left.
You didn't know any spells.
Your spell library contained the following spells:

 Spells                   Type           Power      Damage    Failure   Level
 Beastly Appendage        Tmut           0%         N/A       28%         1
 Summon Small Mammal      Summ           0%         N/A       28%         1
 Wereblood                Tmut           0%         N/A       41%         2
 Call Canine Familiar     Summ           0%         N/A       65%         3
 Inner Flame              Hex/Fire       0%         N/A       65%         3
 Spider Form              Tmut/Pois      0%         N/A       65%         3
 Summon Guardian Golem    Hex/Summ       0%         N/A       65%         3
 Yara's Violent Unravell  Hex/Tmut       0%         3d3       100%        5
 Enfeeble                 Hex            0%         N/A       100%        7


Dungeon Overview and Level Annotations

Branches:
Dungeon (6/15)
 Temple: D:4-7

Altars:
Cheibriados
Nemelex Xobeh
Qazlal
Uskayaw
Xom
Yredelemnul
Zin
The Shining One

Shops:
D:4 *?!   D:5 *


Innate Abilities, Weirdness & Mutations

You cannot wear most types of armour.
You are amphibious.
You can wear up to eight rings at the same time.
Your skin changes colour to match your surroundings (Stealth+).
Your rubbery body absorbs attacks. (AC +1, EV +1)
((You are camouflaged when in or above water. (Stealth+)))
You have tentacles for arms and can constrict up to eight enemies at once.


Message History

You hit the phantom but do no damage. Your squeeze misses the phantom.
The phantom completely misses you.
You hit the phantom.
The phantom is lightly damaged.
The phantom hits you.
The phantom blinks!
You blink.
The phantom hits you but does no damage.
Aiming: Fastroot
Press: ? - help, Shift-Dir - straight line The roots erupt in riotous growth!
The phantom is unaffected.
Roots grab the steam dragon.
The grasping roots constrict the steam dragon.
Something shouts, "Decamp, thou foppish ill-breeding haggard!"
The steam dragon struggles to escape constriction.
The phantom hits you but does no damage.
You hit the phantom. You squeeze the phantom!
The phantom is heavily damaged.
The grasping roots constrict the steam dragon.
The steam dragon escapes!
The phantom hits you but does no damage.
You hit the steam dragon but do no damage.
You squeeze the steam dragon, but do no damage.
The steam dragon is moderately wounded.
You hit the steam dragon.
The steam dragon is heavily wounded.
The steam dragon barely misses you. The steam dragon misses you.
The phantom closely misses you.
You hit the steam dragon.
The steam dragon is heavily wounded.
The steam dragon breathes steam at you. The ball of steam hits you!
The phantom closely misses you. The phantom closely misses you.
You hit the phantom. You squeeze the phantom.
The phantom is almost destroyed.
The steam dragon breathes steam at you. The ball of steam hits you!
The phantom hits you.
* * * LOW HITPOINT WARNING * * *
The phantom blinks!
You blink.
The steam dragon breathes steam at you. The ball of steam hits you!!
You die...

###### .# ##. #..
###.######
##........#####
#.............##
#...............
##..D§§.........#
#..§.§.§@.[....#
#.....W§.......#
#§....§.......##
#......†§§...##
#......§.§..##
#.........###
##.......###
#...####.# #.###
....


You could see a phantom.

Vanquished Creatures
  2 black bears
  A phantom (D:5)
  A scorpion (D:4)
  A howler monkey (D:6)
  A crimson imp (D:5)
  4 hounds
  An orc priest (D:5)
  3 iguanas (D:5)
  An orc wizard (D:5)
  5 gnolls
  12 adders
  A river rat (D:4)
  A shadow imp (D:4)
  A white imp (D:6)
  3 ufetubi
  7 worms
  2 dart slugs
  11 orcs
  4 bats
  3 endoplasms
  5 giant cockroaches
  3 goblins
  3 hobgoblins
  5 kobolds
  2 quokkas (D:2)
  9 ball pythons
  2 hobgoblin zombies (D:5)
  2 kobold skeletons (D:5)
  A kobold zombie (D:5)
  2 orc skeletons (D:5)
  2 orc zombies (D:5)
  3 rats
104 creatures vanquished.

Notes
Turn   | Place    | Note
-------+----------+-------------------------------------------
     0 | D:5      | croobank the Octopode Delver began the quest for the Orb.
     0 | D:5      | Reached XP level 1. HP: 16/16 MP: 1/1
     1 | D:5      | Noticed an orc wizard
     1 | D:5      | Noticed an orc priest
    43 | D:4      | Reached XP level 2. HP: 10/21 MP: 2/2
    93 | D:4      | Reached skill level 7 in Stealth
   139 | D:4      | Found Giehuz's Magic Scroll Shoppe.
   194 | D:3      | Found a shimmering altar of Xom.
   246 | D:3      | Reached XP level 3. HP: 26/26 MP: 3/3
   262 | D:3      | Reached XP level 4. HP: 6/31 MP: 4/4
  1081 | D:1      | Reached XP level 5. HP: 32/36 MP: 5/5
  1676 | D:2      | Found a faded altar of an unknown god.
  1782 | D:2      | Reached skill level 8 in Stealth
  2523 | D:4      | Reached XP level 6. HP: 43/43 MP: 6/6
  2541 | D:4      | Bought a scroll of identify for 22 gold pieces
  2541 | D:4      | Bought a scroll of identify for 22 gold pieces
  2711 | D:4      | Reached skill level 9 in Stealth
  2924 | D:4      | Found Logono's Distillery.
  2927 | D:4      | Noticed a black bear
  2937 | D:4      | Killed a black bear
  2938 | D:4      | Reached XP level 7. HP: 48/48 MP: 7/7
  2972 | D:4      | Found a stormy altar of Qazlal.
  2972 | D:4      | Found a hide-covered altar of Uskayaw.
  2972 | D:4      | Found a snail-covered altar of Cheibriados.
  2972 | D:4      | Found a basalt altar of Yredelemnul.
  3135 | D:4      | Found Bujecsoxka's General Store.
  3294 | D:5      | Found Nadur's Fire Supplies.
  3545 | D:5      | Found a glowing golden altar of the Shining One.
  3592 | D:5      | Reached skill level 10 in Stealth
  3689 | D:5      | Found a glowing silver altar of Zin.
  3858 | D:5      | Identified the +6 dagger of Impish Responsibility {drain,
                  | rC+ SInv}
  4038 | D:6      | Found a sparkling altar of Nemelex Xobeh.
  4071 | D:6      | Reached skill level 5 in Fighting
  4071 | D:6      | Reached XP level 8. HP: 31/55 MP: 8/8
  4091 | D:6      | Killed from afar by a steam dragon

Illustrated notes

Levels and vault maps discovered:
D:1:      nzn_arrival_depleted_hourglass, layout_loops_ring
D:2:      layout_basic, hellmonk_ecumenical_altar_prayer_group,
          chequers_serial_rivers_small_b, chequers_serial_rivers_micro_d,
          hangedman_decor_growths, chequers_serial_rivers_micro_d,
          minmay_misc_feat_four_crosses, nrook_uturn, kennysheep_doodads
D:3:      layout_loops_ring, lemuel_tele_altar
D:4:      layout_cave_pods, minitemple, gup_sewer_entry_spiral, serial_shops,
          shop, nicolae_shop_hallway_stairs, shop
D:5:      layout_basic, zin_scriptorium, nicolae_tso_besieged_by_evil,
          nicolae_shop_fire_sale [nicolae_sub_dead_trees]
D:6:      layout_cave_pods, old_standard_altar, vehumet_altar_wand_db,
          lemuel_zombie_altar_kikubaaqudgha, mainiacjoe_overflow_tiny_flanked,
          minmay_fractal_squares_diagonal_5

Skill      XL: |  1  2  3  4  5  6  7 |
---------------+----------------------+-----
Stealth        | 7 8 9 10 | 10.0
Dodging        | 3 4 |  4.6
Short Blades   | 3 4 |  4.5
Fighting       | 4 5 |  5.2

Action                     |  1- 3 |  4- 6 |  7- 9 || total
---------------------------+-------+-------+-------++-------
  Melee: Short sword       |    25 |    34 |       ||    59
         Tentacles         |     5 |    16 |    23 ||    44
         Constrict         |     5 |    19 |    23 ||    47
         Punch             |     1 |     1 |     3 ||     5
         Dagger            |       |    58 |    78 ||   136
  Throw: Dart              |       |     1 |       ||     1
         Boomerang         |       |       |     6 ||     6
  Evoke: Wand              |       |     1 |     2 ||     3
    Use: Scroll            |     1 |     6 |     4 ||    11
         Potion            |       |       |     1 ||     1
   Stab: Sleeping          |     4 |    30 |     1 ||    35
         Distracted        |       |     2 |       ||     2
         Paralysed         |       |     1 |       ||     1
 Armour: Skin              |       |     1 |     7 ||     8
  Dodge: Dodged            |    16 |    21 |    52 ||    89
